Map: Oxide LE

Players

A.I. 1 (Very Easy)

  • Race: Protoss Protoss
  • Spawn Location: 7:00

Syndrome - Winner!

  • Race: Zerg Zerg
  • League: Grandmaster
  • Spawn Location: 1:00

VOD

https://www.youtube.com/watch?v=igVyxwnfDMI

Description

Time

  • Played on: Dec. 20, 2020, 3:07 p.m.
  • Length: 6:57
Show
View Real Time Build Order
Export as new Build Order

A.I. 1 (Very Easy) Protoss 

Build Orders: 1 Gate Expand, Nexus First 

Get SALT Encoding   

  6  0:00  Probe  
  13  0:13  Probe  
  14  0:19  Pylon  
  14  0:42  Gateway  
  14  1:00  Nexus  
  14  1:18  Pylon  
  14  1:20  Assimilator  
  14  1:23  Zealot  
  16  1:33  Cybernetics Core  
  16  1:36  Probe  
  17  1:48  Probe  
  18  1:57  Assimilator  
  18  1:58  Probe  
  19  2:03  Stalker  
  19  2:06  Probe  
  19  2:14  Probe, Warp Gate  
  23  2:19  Probe  
  24  2:29  Probe  
  25  2:36  Probe  
  26  2:48  Probe  
  26  2:50  Assimilator  
  27  2:54  Pylon  
  27  2:55  Probe  
  28  3:01  Probe  
  29  3:09  Probe  
  30  3:12  Probe  
  30  3:15  Robotics Facility  
  31  3:26  Probe  
  32  3:29  Zealot  
  32  3:33  Probe  
  35  3:40  Probe  
  36  3:48  Probe  
  37  3:55  Probe  
  38  4:02  Probe, Observer  
  40  4:09  Probe  
  41  4:12  Probe  
  41  4:13  Assimilator  
  41  4:16  Observer  
  42  4:23  Probe  
  44  4:29  Probe  
  45  4:34  Pylon  
  45  4:38  Probe  
  46  4:45  Probe  
  47  4:48  Stalker  
  47  4:52  Probe  
  50  5:56  Stalker  
  50  5:59  Pylon  
  50  6:03  Probe  
  28  6:15  Probe  
  26  6:23  Probe  
  26  6:24  Zealot  
  26  6:32  Probe  
  21  6:39  Pylon  
Show
View Real Time Build Order
Export as new Build Order

Syndrome Zerg - Winner!

Build Orders: Hatch First 

Get SALT Encoding   

  6  0:00  Drone  
  13  0:12  Overlord  
  13  0:17  Drone  
  14  0:30  Drone x2  
  16  0:48  Hatchery  
  15  0:52  Drone  
  15  0:55  Drone  
  17  0:58  Drone  
  18  1:10  Extractor  
  17  1:15  Spawning Pool  
  17  1:16  Drone  
  17  1:20  Drone  
  18  1:29  Drone  
  19  1:39  Drone  
  20  1:45  Hatchery  
  19  1:50  Drone  
  20  2:00  Drone x2  
  22  2:04  Queen  
  24  2:11  Drone  
  24  2:14  Overlord  
  25  2:23  Drone x2  
  25  2:24  Metabolic Boost  
  27  2:33  Drone x2  
  29  2:43  Queen x2  
  33  2:46  Zergling x2  
  33  2:48  Zergling x2  
  35  2:54  Drone  
  35  2:57  Queen  
  38  3:00  Overlord  
  38  3:05  Drone  
  38  3:06  Drone x2  
  41  3:23  Overlord  
  41  3:24  Drone x3  
  41  3:26  Drone x2  
  46  3:32  Drone  
  47  3:36  Lair  
  47  3:37  Queen  
  47  3:38  Drone  
  50  3:42  Drone x2  
  50  3:43  Extractor  
  50  3:44  Extractor  
  50  3:54  Drone x6  
  50  3:55  Drone  
  57  4:09  Overlord x2  
  57  4:11  Pneumatized Carapace  
  57  4:17  Roach Warren, Queen  
  58  4:44  Overlord x3  
  58  4:57  Roach x3  
  58  4:58  Roach x5  
  74  5:00  Overlord  
  74  5:01  Overlord x2  
  74  5:03  Roach  
  74  5:04  Roach  
  74  5:06  Zergling x10  
  83  5:08  Zergling x2  
  84  5:16  Overlord x3  
  84  5:18  Zergling x2  
  84  5:19  Zergling x2  
  86  5:24  Ravager x2  
  86  5:25  Ravager x2  
  86  5:27  Zergling x6  
  93  5:31  Zergling x4  
  93  5:32  Zergling x2  
  96  5:36  Zergling x6  
  96  5:40  Ravager  
  96  5:41  Ravager  
  101  5:43  Zergling x8  
  105  5:52  Zergling x4  
  105  5:53  Zergling x2  
  107  5:58  Zergling x2  
  107  6:04  Zergling x2  
  107  6:05  Zergling x2  
  107  6:06  Queen x3  
  107  6:10  Zergling x2  
  117  6:11  Ravager x3  
  117  6:13  Zergling x4  
  120  6:21  Ravager  
  120  6:22  Zergling x4  
  120  6:25  Zergling x2  
Tags
 
Add a new tag
Caveats
  • Supply blocks, unpowered buildings, or Contaminate may cause inaccurate times.
  • Supply counts are checked every 10 seconds.